 Dungeon Crawl Stone Soup version 0.17-a0-1741-gd5e8965 (console) character file.

2372 utis the Cleaver (level 9, 0/85 HPs)
             Began as a Deep Dwarf Berserker on Aug 31, 2015.
             Was a Priest of Trog.
             Slain by a boulder beetle (28 damage)
             ... on level 7 of the Dungeon.
             The game lasted 00:26:15 (9314 turns).

utis the Cleaver (Deep Dwarf Berserker)             Turns: 9314, Time: 00:26:15

Health: 0/85       AC: 14    Str: 21    XL:     9   Next: 21%
Magic:  9/9        EV:  7    Int:  8    God:    Trog [***...]
Gold:   378        SH:  0    Dex: 15    Spells: 0 memorised, 8 levels left

rFire  + . .     SeeInvis .     a - +0 hand axe
rCold  . . .     Clarity  .     O - +0 plate armour
rNeg   + . .     SustAt   .     (no shield)
rPois  .         Gourm    .     (no helmet)
rElec  .         Spirit   .     L - +0 cloak
rCorr  .         Warding  .     (no gloves)
rMut   .         Stasis   .     (no boots)
MR     +....                    (no amulet)
Stlth  ..........               l - ring of protection from fire
                                v - ring of positive energy

@: exhausted, non-regenerating, slowed, very slow, somewhat resistant to hostile
enchantments, extremely unstealthy
A: damage resistance, recharge devices, sense surroundings 2, slow healing 3
a: Device Recharging, Burn Spellbooks, Berserk, Trog's Hand, Renounce Religion


You were on level 7 of the Dungeon.
You worshipped Trog.
Trog was most pleased with you.
You were hungry.

You visited 1 branch of the dungeon, and saw 7 of its levels.

You collected 378 gold pieces.

Inventory:

Hand weapons
 a - a +0 hand axe (weapon)
 c - a +0 blowgun
 j - a -3 spear
 m - a +0 dagger of venom {=f}
Missiles
 h - 174 stones (quivered)
 q - a throwing net {=f}
 s - 34 sling bullets
 t - 16 poisoned needles
 A - 13 tomahawks
 N - 2 tomahawks of returning
Armour
 b - a +0 animal skin
 e - a +0 leather armour
 f - a +0 ring mail
 y - a +0 scale mail
 H - a +0 chain mail
 L - a +0 cloak (worn)
 O - a +0 plate armour (worn)
Jewellery
 g - an uncursed amulet of faith {unknown}
 l - a ring of protection from fire (right hand)
 p - a +3 ring of evasion {unknown}
 r - an uncursed ring of see invisible
 v - a ring of positive energy (left hand)
 F - an uncursed ring of wizardry {unknown}
Magical devices
 x - a wand of disintegration (16)
 z - a wand of frost (32)
 C - a wand of heal wounds (0)
Scrolls
 n - a scroll of fear {!r}
 u - 4 scrolls of magic mapping
 w - a scroll of identify
 G - 2 scrolls of recharging
Potions
 i - a potion of heal wounds
 k - a potion of magic
 o - 5 potions of curing
 D - a potion of flight
 E - a potion of might
 J - 2 potions of agility
Comestibles
 d - 5 bread rations
 B - 2 royal jellies
 I - a slice of pizza
 K - a meat ration


   Skills:
 + Level 6.9 Fighting
 + Level 9.3 Axes
 + Level 7.4 Armour
 - Level 2.1 Dodging


You had 8 spell levels left.
You didn't know any spells.

Dungeon Overview and Level Annotations

Branches:
Dungeon (7/15)             Temple (0/1) D:6

Altars:
Qazlal

Shops:
D:6 %


Innate Abilities, Weirdness & Mutations

You are resistant to damage.
You can recharge devices by infusing magical energy.
You passively map the area around you.
You do not heal naturally.


Message History

The boulder beetle is heavily wounded.
The boulder beetle bites you!!
* * * LOW HITPOINT WARNING * * *
You hit the boulder beetle.
The boulder beetle is heavily wounded.
You hit the boulder beetle but do no damage.
The boulder beetle is heavily wounded.
You completely miss the boulder beetle.
The boulder beetle is heavily wounded.
You are no longer berserk.
You are exhausted.
You feel yourself slow down.
You are feeling hungry.
You hit the boulder beetle but do no damage.
The boulder beetle is heavily wounded.
The boulder beetle bites you but does no damage.
You hit the boulder beetle but do no damage.
The boulder beetle is heavily wounded.
The boulder beetle bites you!!
You die...

▓.+...'..........................
▓.▓...▓..▓▓..........▓▓▓▓▓▓▓.....
▓.▓...▓..▓▓...▓▓.▓▓▓.............
▓.▓...▓..▓▓..▓▓▓.▓ ▓▓▓▓▓▓▓▓....▓▓
......'..▓▓..▓ ▓.▓ ▓....▓
......▓..▓▓..▓▓▓.▓ ▓....▓
......▓..▓▓......▓ ▓▓▓▓▓▓
......▓..▓▓▓.▓▓▓▓▓▓▓▓▓▓
...▓▓▓▓........Bg.....▓
...<.........▓▓▓▓▓▓▓▓.▓
.......▓▓....▓ * *, *
.......▓▓....▓ * *
.......▓▓▓▓▓.▓▓▓▓ ,, * * ,, ,,
................▓ * ,
.........▓▓▓.▓▓▓▓ * ,
...▓▓▓.......▓ * '▓▓▓ ▓.▓.▓▓▓▓▓ ,
*


You could see a boulder beetle.

Vanquished Creatures
  Pikel (D:5)
  Sigmund (D:2)
  A spriggan (D:7)
  Eustachio (D:5)
  An orc warrior (D:6)
  Purgy (D:4)
  An ice beast (D:7)
  A phantom (D:5)
  A slave (D:5)
  A necrophage (D:3)
  2 ogres
  A big kobold (D:7)
  A giant frog (D:4)
  A scorpion (D:6)
  A jelly (D:6)
  2 crimson imps (D:5)
  A centaur skeleton (D:7)
  Crazy Yiuf (D:6)
  2 giant frog skeletons
  3 orc wizards
  A worker ant (D:4)
  7 gnolls
  9 adders
  4 shadow imps
  2 oozes
  2 adder skeletons
  4 worms
  6 giant geckos
  24 orcs
  6 giant cockroaches
  9 hobgoblins
  10 jackals
  2 quokkas
  2 ball pythons (D:5)
  11 bats
  A giant gecko skeleton (D:4)
  4 giant newts
  9 goblins
  20 kobolds
  3 quokka skeletons
  A quokka zombie (D:6)
  6 rats
168 creatures vanquished.

Notes
Turn   | Place    | Note
--------------------------------------------------------------
     0 | D:1      | utis the Deep Dwarf Berserker began the quest for the Orb.
     0 | D:1      | Reached XP level 1. HP: 20/20 MP: 1/1
   350 | D:1      | Reached skill level 4 in Axes
   350 | D:1      | Reached XP level 2. HP: 24/27 MP: 2/2
   816 | D:2      | Reached XP level 3. HP: 33/33 MP: 3/3
  1012 | D:2      | Reached skill level 5 in Axes
  1353 | D:2      | Acquired Trog's second power
  1503 | D:2      | Reached XP level 4. HP: 36/40 MP: 4/4
  2344 | D:2      | Noticed Sigmund
  2577 | D:2      | Killed Sigmund
  2577 | D:2      | Reached skill level 6 in Axes
  2577 | D:2      | Reached XP level 5. HP: 20/50 MP: 5/5
  2747 | D:3      | Reached XP level 6. HP: 52/57 MP: 6/6
  3682 | D:3      | Noticed a necrophage
  3805 | D:3      | Killed a necrophage
  4956 | D:4      | Noticed Purgy
  5411 | D:4      | Reached XP level 7. HP: 66/66 MP: 7/7
  5626 | D:4      | Killed Purgy
  5626 | D:4      | Reached skill level 7 in Axes
  6014 | D:5      | Entered Level 5 of the Dungeon
  6526 | D:5      | Found a stormy altar of Qazlal.
  6627 | D:5      | Reached skill level 5 in Fighting
  6627 | D:5      | Reached skill level 5 in Armour
  6731 | D:5      | Noticed Eustachio
  6768 | D:5      | Killed Eustachio
  6768 | D:5      | Reached XP level 8. HP: 53/74 MP: 8/8
  6837 | D:5      | Noticed Pikel
  6866 | D:5      | Killed Pikel
  6866 | D:5      | Reached skill level 8 in Axes
  7759 | D:6      | Noticed Crazy Yiuf
  7763 | D:6      | Killed Crazy Yiuf
  8005 | D:6      | Found Etulyb's Food Boutique.
  8185 | D:6      | Found a staircase to the Ecumenical Temple.
  8318 | D:7      | Reached skill level 9 in Axes
  8318 | D:7      | Gained mutation: You passively map the area around you. [Deep Dwarf growth]
  8318 | D:7      | Reached XP level 9. HP: 85/85 MP: 9/9
  9314 | D:7      | Slain by a boulder beetle

Vault maps used:
D:1:      minmay_arrival_four_loops
D:2:      grunt_ministairs_5, uniq_sigmund
D:3:      portal_sewer_entry_d
D:4:      serial_bayou_lagoon_a, uniq_menkaure, uniq_purgy
D:5:      nicolae_qazlal_eye_of_the_storm, first_bread,
          nicolae_ossuary_entry_ruins, minivault_25, minmay_misc_feat_plants,
          minmay_misc_feat_five, uniq_eustachio, uniq_pikel
D:6:      minmay_temple_entry_fiery, serial_shops, nicolae_shop_behind_doors,
          uniq_crazy_yiuf_cottage
D:7:      boulder_indie, the_bakery

Action                   |  1- 3 |  4- 6 |  7- 9 || total
-------------------------+-------+-------+-------++-------
Melee: Hand axe          |    87 |     4 |   279 ||   370
       Spear             |       |   749 |   232 ||   981
Throw: Stone             |    18 |    51 |    52 ||   121
Invok: Berserk           |     1 |     8 |    11 ||    20
       Trog's Hand       |     1 |     4 |     6 ||    11
Evoke: Wand              |     2 |     4 |     3 ||     9
  Use: Scroll            |     2 |     8 |     9 ||    19
       Potion            |       |       |     1 ||     1
  Eat: Chunk             |     3 |    19 |    16 ||    38
       Fruit             |       |     1 |     6 ||     7
       Beef jerky        |       |     1 |       ||     1
       Bread ration      |       |       |     1 ||     1
